 Dungeon Crawl Stone Soup version 0.29-a0-121-g8efb068a30 (webtiles) character file.

Game seed: 8371149602842649652

67 cyrus the Skirmisher (level 4, -2/24 HPs)
             Began as a Vine Stalker Fighter on Feb 20, 2022.
             Was a Follower of Ashenzari.
             Slain by a goblin (3 damage)
             ... led by Robin
             ... on level 2 of the Dungeon.
             The game lasted 00:05:32 (1844 turns).

cyrus the Skirmisher (Vine Stalker Fighter)         Turns: 1844, Time: 00:05:33

Health: -2/24      AC:  6    Str: 19    XL:     4   Next: 16%
Magic:  0/5        EV:  9    Int: 10    God:    Ashenzari [*.....]
Gold:   85         SH:  4    Dex: 13    Spells: 3/3 levels left

rFire   . . .      SeeInvis .   a - +0 trident "Soothsayer of the Ether" {Alch, Cun} (curse)
rCold   . . .      Faith    .   c - +0 buckler
rNeg    . . .      Spirit   +   b - +0 scale mail "Tethered Adversity" {Cun, Range} (curse)
rPois   .          Reflect  .   (no helmet)
rElec   .          Harm     .   (no cloak)
rCorr   .          Rampage  .   (no gloves)
Will    .....                   (no boots)
Stlth   ..........              (no amulet)
HPRegen 0.88/turn               (no ring)
MPRegen 0.09/turn               (no ring)

@: mighty
A: fangs 2, regeneration 1, magic shield, antimagic bite, no potion heal 2
a: Renounce Religion, Shatter the Chains


You were on level 2 of the Dungeon.
You worshipped Ashenzari.
Ashenzari was aware of your devotion.
You visited 1 branch of the dungeon, and saw 2 of its levels.

You collected 85 gold pieces.

Inventory:

Hand Weapons
 a - the cursed +0 trident "Soothsayer of the Ether" (weapon) {Alch, Cun}

   It has a curse which improves the following skills: Alchemy: Poison Magic and
   Transmutations.
   Cunning:   Dodging and Stealth.
Armour
 b - the cursed +0 scale mail "Tethered Adversity" (worn) {Cun, Range}

   It has a curse which improves the following skills: Cunning: Dodging and
   Stealth.
   Ranged Combat: Slings, Bows, Crossbows and Throwing.
 c - a +0 buckler (worn)
Scrolls
 e - a scroll of magic mapping
 g - a scroll of noise
 i - a scroll of identify
Potions
 f - 2 potions of curing
 h - a potion of invisibility


   Skills:
 + Level 3.3 Fighting
 + Level 2.3 Polearms
 + Level 2.9 Armour
 + Level 0.2(0.5) Dodging
 + Level 3.0 Shields


You had 3 spell levels left.
You didn't know any spells.
Your spell library contained the following spells:

 Spells                   Type           Power      Damage    Failure   Level
 Sting                    Tmut/Pois      0%         1d3       82%         1
 Sandblast                Erth           0%         2d4       83%         1
 Blink                    Tloc           0%         N/A       92%         2
 Passwall                 Tmut/Erth      0%         N/A       92%         2
 Poisonous Vapours        Pois/Air       0%         N/A       92%         2
 Lesser Beckoning         Tloc           0%         N/A       99%         3
 Stone Arrow              Conj/Erth      0%         3d7       99%         3
 Olgreb's Toxic Radiance  Pois           0%         N/A       100%        4
 Manifold Assault         Tloc           0%         N/A       100%        5


Dungeon Overview and Level Annotations

Branches:
Dungeon (2/15)

Altars:
Ashenzari

Shops:
D:1 :

Annotations:
D:2 Robin


Innate Abilities, Weirdness & Mutations

You have extremely sharp teeth.
Your natural rate of healing is unusually fast.
When hurt, damage is shared between your health and your magic reserves.
Your bite disrupts and absorbs the magic of your enemies.
Potions cannot restore your health.


Message History

Robin roars a battlecry!
A goblin comes into view. It is wielding a +0 club.
You hear a shout!
You feel very mighty all of a sudden. The goblin hits you with a +0 dagger.
Robin throws the goblin at you! The goblin hits you but does no damage.
The goblin hits you with a +0 club.
You puncture the goblin!
You kill the goblin!
The goblin barely misses you. The goblin misses you.
Robin throws the goblin at you! The goblin hits you but does no damage.
The ball python bites you but does no damage.
The ball python grabs you. The ball python constricts you.
You block the goblin's attack.
You puncture the ball python!
You kill the ball python!
The goblin barely misses you. The goblin closely misses you.
The goblin hits you with a +0 club. The goblin hits you but does no damage.
You closely miss the hobgoblin. Your bite misses the hobgoblin.
The goblin hits you but does no damage. The goblin barely misses you.
You block the goblin's attack. The hobgoblin barely misses you.
The goblin hits you but does no damage.
You puncture the hobgoblin!
You kill the hobgoblin!
The goblin hits you but does no damage. x2; The goblin closely misses you.
The goblin hits you but does no damage. x2; The goblin hits you with a +0 club.
The goblin hits you but does no damage.
Unknown command.
You barely miss the goblin. You bite the goblin.
You kill the goblin!
The goblin hits you with a +0 club. You block the goblin's attack.
The goblin barely misses you. The goblin hits you with a +0 club.
A goblin comes into view. It is wielding a +0 club.
You block the goblin's attack.
You closely miss the goblin. The goblin misses you.
The goblin hits you with a +0 dagger.
* * * LOW HITPOINT WARNING * * *
You block the goblin's attack. The goblin hits you with a +0 club.
* * * LOW HITPOINT WARNING * * *
The goblin hits you with a +0 club.
You die...

#......# #.# ... #......#
#.# .g. #......# #.. #.#
#......##### #.#
#........... #.#
###.......#### #g#
#.........# # #########g#
#....####.# #
#.......g@###....# #.# #
#.###...ggg##....# ... #
#...#......##....# ...# #
####.#......##....###...# #
#..#.#.......'.........# #
#....#......##....#########
##.#######.###....#........
#.##......# #....#.#######
#.##.###### ######.#


You could see Robin and 6 goblins.

Vanquished Creatures
  3 adders (D:2)
  A worm (D:2)
  A dart slug (D:1)
  An endoplasm (D:2)
  6 goblins
  4 hobgoblins
  A jackal (D:1)
  4 kobolds
  2 quokkas (D:1)
  5 ball pythons
  7 bats
  A rat (D:1)
36 creatures vanquished.

Vanquished Creatures (others)
  3 demonic plants (D:1)
  2 fungi (D:1)
  4 plants (D:1)
  A withered plant (D:1)
10 creatures vanquished.

Grand Total: 46 creatures vanquished

Notes
Turn   | Place    | Note
-------+----------+-------------------------------------------
     0 | D:1      | cyrus the Vine Stalker Fighter began the quest for the Orb.
     0 | D:1      | Reached XP level 1. HP: 11/11 MP: 2/2
   105 | D:1      | Found Tiewk's Book Boutique.
   130 | D:1      | Reached XP level 2. HP: 14/16 MP: 3/3
   319 | D:1      | Found a faded altar of an unknown god.
   367 | D:1      | Prayed at the altar of an unknown god.
   367 | D:1      | Became a worshipper of Ashenzari the Shackled
   886 | D:2      | Reached XP level 3. HP: 15/20 MP: 4/4
  1691 | D:2      | Reached * piety under Ashenzari
  1821 | D:2      | Gained mutation: Your natural rate of healing is unusually
                  | fast. [Vine Stalker growth]
  1821 | D:2      | Reached XP level 4. HP: 24/24 MP: 5/5
  1833 | D:2      | Noticed Robin
  1844 | D:2      | HP: 1/24 [goblin[Robin] (4)]
  1844 | D:2      | Slain by a goblin

Illustrated notes

Levels and vault maps discovered:
D:1:      dpeg_arrival_brainrot, layout_rooms, shapermc_ecumenical_altar_gd,
          serial_shops, shop
D:2:      layout_basic, uniq_robin

Skill      XL: |  1  2  3 |
---------------+----------+-----
Polearms       | 2 |  2.3
Fighting       | 3 |  3.3
Shields        | 3 |  3.0
Armour         | |  2.9
Dodging        | |  0.2

Action                   |  1- 3 |  4- 6 || total
-------------------------+-------+-------++-------
Melee: Trident           |   121 |    10 ||   131
       Bite              |    34 |     1 ||    35
Invok: Curse Item        |     2 |       ||     2
  Use: Potion            |       |     1 ||     1
Armor: Scale mail        |    50 |    14 ||    64
Dodge: Dodged            |    40 |    11 ||    51
Block: Buckler           |    35 |     6 ||    41

Table legend: (Time is in decaauts)
 A = Elapsed time spent in this place.
 B = Non-inter-level travel time spent in this place.
 C = Inter-level travel time spent in this place.
 D = Time resting spent in this place.
 E = Time spent auto-exploring this place.
 F = Levels seen in this place.
 G = Mean time per level.
                   A        B        C        D        E       F      G
               +--------+--------+--------+--------+--------+-----+--------+
         Total |   1875 |   1779 |     96 |    375 |    980 |   2 |  937.5 |
       Dungeon |   1875 |   1779 |     96 |    375 |    980 |   2 |  937.5 |
               +--------+--------+--------+--------+--------+-----+--------+

Top non-repeatable levels by time:
     D:2: 989 daAuts
     D:1: 886 daAuts
